 Dungeon Crawl Stone Soup version 0.29-a0-284-gf9362112df (webtiles) character file.

Game seed: 3026395056762193789

73 yunder69 the Chopper (level 4, 0/40 HPs)
             Began as a Minotaur Berserker on Mar 31, 2022.
             Was a Believer of Trog.
             Succumbed to a gnoll's poison
             ... on level 3 of the Dungeon.
             The game lasted 00:12:25 (2486 turns).

yunder69 the Chopper (Minotaur Berserker)           Turns: 2486, Time: 00:12:25

Health: 0/40       AC:  5    Str: 21    XL:     4   Next: 8%
Magic:  3/3        EV: 11    Int:  4    God:    Trog [**....]
Gold:   101        SH:  0    Dex: 12    Spells: 3/3 levels left

rFire   . . .      SeeInvis .   a - +0 hand axe
rCold   . . .      Faith    .   (no shield)
rNeg    . . .      Spirit   .   i - +0 ring mail
rPois   .          Reflect  .   (helmet restricted)
rElec   .          Harm     .   (no cloak)
rCorr   .          Rampage  .   (no gloves)
Will    .....                   (no boots)
Stlth   ..........              (no amulet)
HPRegen 0.13/turn               (no ring)
MPRegen 0.08/turn               (no ring)

@: confused, lethally poisoned (0 -> -26)
A: horns 2, retaliatory headbutt
a: Renounce Religion, Berserk, Trog's Hand


You were on level 3 of the Dungeon.
You worshipped Trog.
Trog was pleased with you.
You visited 1 branch of the dungeon, and saw 3 of its levels.

You collected 101 gold pieces.

Inventory:

Hand Weapons
 a - a +0 hand axe (weapon)
Armour
 b - a +0 animal skin
 i - a +0 ring mail (worn)
Scrolls
 c - a scroll of teleportation {unknown}
 e - a scroll of magic mapping {unknown}
 f - a scroll of blinking {unknown}
 g - a scroll of fog {unknown}
 h - 2 scrolls of noise {unknown}
 j - a scroll of torment {unknown}
Potions
 d - a potion of berserk rage {unknown}
 k - a potion of curing {unknown}


   Skills:
 - Level 4.0 Fighting
 + Level 5.2 Axes
 - Level 3.0 Armour
 - Level 2.6 Dodging


You had 3 spell levels left.
You didn't know any spells.
Your spell library was empty.

Dungeon Overview and Level Annotations

Branches:
Dungeon (3/15)

Altars:

Annotations:
D:3 Sigmund


Innate Abilities, Weirdness & Mutations

You have a pair of horns on your head.
You reflexively headbutt those who attack you in melee.


Message History

Your skin stops crawling.
You feel less strong-willed.
You start resting.
You feel yourself speed up.
You start resting.
You recover from your berserk rage.
You can't go down here!
There is a stone staircase leading down here.
You start resting.
HP restored.
You climb downwards.
Level annotation: Sigmund The gnoll hits you from afar with a +1 spear of venom.
There is a stone staircase leading up, spattered with blood here.
Sigmund hits you from afar with a +3 scythe of protection.
The gnoll hits you from afar with a +1 spear of venom.
You are poisoned.
You climb upwards.
You feel very sick.
There is a stone staircase leading down here.
You feel sick.
You climb downwards.
Level annotation: Sigmund You feel very sick.
The gnoll hits you with a +0 whip.
Sigmund screams, "I am the angel of ZOT!!!"
Sigmund casts a spell at you.
You are confused.
The gnoll hits you but does no damage. The gnoll barely misses you.
There is a stone staircase leading up, spattered with blood here.
You feel sick. The gnoll hits you with a +0 whip.
The gnoll hits you from afar with a +1 spear of venom.
You are more poisoned.
In your confused state, you trip and fall back down the stairs.
You feel sick.
The gnoll hits you from afar with a +1 spear of venom.
* * * LOW HITPOINT WARNING * * *
You are more poisoned.
The gnoll hits you with a +0 whip.
* * * LOW HITPOINT WARNING * * *
You die...

##+#
##...##
##..@..##
#...g.@.#
#.....g...#
+.........+
#.........#
##.......##
##.....##
##...##
##+#


You could see Sigmund and 2 gnolls.

Vanquished Creatures
  An adder (D:2)
  2 gnolls (D:2)
  A worm (D:2)
  5 endoplasms
  A giant cockroach (D:1)
  3 goblins
  2 hobgoblins
  2 jackals (D:1)
  2 quokkas
  5 ball pythons
  5 bats
  3 frilled lizards (D:1)
  7 kobolds
  6 rats
45 creatures vanquished.

Notes
Turn   | Place    | Note
-------+----------+-------------------------------------------
     0 | D:1      | yunder69 the Minotaur Berserker began the quest for the
                  | Orb.
     0 | D:1      | Reached XP level 1. HP: 19/19 MP: 0/0
   278 | D:1      | Reached XP level 2. HP: 27/27 MP: 1/1
   345 | D:1      | Found a faded altar of an unknown god.
   716 | D:1      | Reached skill level 4 in Axes
   730 | D:1      | Reached ** piety under Trog
  1298 | D:2      | Reached XP level 3. HP: 29/32 MP: 2/2
  1999 | D:2      | Identified the +1 hat of Jigsaw {Will+ Int+3 Dex+2}
  2318 | D:3      | Noticed Sigmund
  2322 | D:2      | Reached skill level 5 in Axes
  2332 | D:2      | Reached XP level 4. HP: 8/40 MP: 3/3
  2486 | D:3      | Succumbed to a gnoll's poison

Illustrated notes

Levels and vault maps discovered:
D:1:      evilmike_arrival_hilbert_curve, layout_basic,
          ebering_ecumenical_altar_hall
D:2:      layout_basic
D:3:      layout_loops_corners, mainiacjoe_overflow_catwalk, uniq_sigmund

Skill      XL: |  1  2  3 |
---------------+----------+-----
Axes           | 4 5 |  5.2
Fighting       | 4 |  4.0
Armour         | 3 |  3.0
Dodging        | |  2.6

Action                   |  1- 3 |  4- 6 || total
-------------------------+-------+-------++-------
Melee: Hand axe          |    94 |       ||    94
       Headbutt          |     9 |       ||     9
       Punch             |     1 |       ||     1
Invok: Berserk           |     1 |       ||     1
       Trog's Hand       |     1 |       ||     1
Armor: Animal skin       |    13 |       ||    13
       Ring mail         |    17 |     1 ||    18
Dodge: Dodged            |    60 |     1 ||    61

Table legend: (Time is in decaauts)
 A = Elapsed time spent in this place.
 B = Non-inter-level travel time spent in this place.
 C = Inter-level travel time spent in this place.
 D = Time resting spent in this place.
 E = Time spent auto-exploring this place.
 F = Levels seen in this place.
 G = Mean time per level.
                   A        B        C        D        E       F      G
               +--------+--------+--------+--------+--------+-----+--------+
         Total |   2510 |   2470 |     40 |    159 |   1883 |   3 |  836.7 |
       Dungeon |   2510 |   2470 |     40 |    159 |   1883 |   3 |  836.7 |
               +--------+--------+--------+--------+--------+-----+--------+

Top non-repeatable levels by time:
     D:1: 1295 daAuts
     D:2: 1207 daAuts
     D:3: 7 daAuts
